[Event "Late-Titled-Tuesday-Blitz-January-30-2024"]
[Site "Chess.com"]
[Date "2024.01.30"]
[Round "6"]
[White "LittleChessFan"]
[Black "GiorgianBarbosa"]
[Result "1-0"]
[WhiteElo "2308"]
[BlackElo "2459"]
[TimeControl "180+1"]
[EndTime "15:08:48 PST"]
[Termination "LittleChessFan won by resignation"]

1. d4 Nf6 2. c4 e6 3. g3 d5 4. Bg2 Be7 5. Nf3 O-O 6. O-O a5 7. Nbd2 c6 8. Qc2 b6 9. Rd1 Bb7 10. e4 Nbd7 11. e5 Ne8 12. cxd5 cxd5 13. Nf1 Rc8 14.
Qb3 Ba6 15. Ne3 Nc7 16. Bd2 h6 17. Rdc1 Na8 18. Rxc8 Qxc8 19. Rc1 Qb7 20. Bf1 Bxf1 21. Nxf1 Rc8 22. Rxc8+ Qxc8 23. Qc3 Qxc3 24. Bxc3 Kf8 25. Ne3 Ke8 26. Kf1 Nb8 27. Ke2 Bd8 28. Kd3 Kd7 29. Nd2 Kc6 30. b3 b5 31. f4 b4 32. Bb2 h5 33. h3 g6 34. g4 hxg4 35. hxg4 Bh4 36.
Nf3 Bg3 37. f5 gxf5 38. gxf5 Bf4 39. Ng2 Bh6 40. f6 Kd7 41. Ne3 Bxe3 42. Kxe3 Ke8 43. a3 Nc6 44. Ne1 Nc7 45. Nc2 Kf8 46. a4 Kg8 47.
Kf4 Kh7 48. Ne1 Kg6 49. Kg4 Na6 50. Ng2 Ncb8 51. Nf4+ Kh7 52. Kh5 Nd7 53. Nh3 Nc7 54. Ng5+ Kg8 55. Kh6 Ne8 56. Bc1 Nb8 57. Be3 Nc6 58. Kh5 Nc7 59. Nf3 Na8 60. Ne1 Nc7 61. Nd3 Na6 62. Kg4 Kh7 63. Kh5 Ncb8 64. Nc5 Nxc5 65.
dxc5 Nc6 66. Bf4 d4 67. Kg4 Kg6 68. Bg3 d3 69. Kf3 Kf5 70. Ke3 Kg4 71. Bh2 Kf5 72.
Kxd3 Nxe5+ 73. Bxe5 Kxe5 74. Kc4 Kxf6 75. Kb5 Ke7 76. Kb6 e5 77. c6 e4 78. c7 e3 79.
c8=Q e2 80. Qc1 f5 81. Qe3+ 1-0

[Event "Late-Titled-Tuesday-Blitz-January-30-2024"]
[Site "Chess.com"]
[Date "2024.01.30"]
[Round "6"]
[White "Akhayan"]
[Black "jaskol95"]
[Result "0-1"]
[WhiteElo "2355"]
[BlackElo "2530"]
[TimeControl "180+1"]
[EndTime "15:08:49 PST"]
[Termination "jaskol95 won on time"]

1. e4 d6 2. d4 Nf6 3. Nc3 Nbd7 4. g4 h6 5. Nf3 e5 6. g5 hxg5 7.
Nxg5 exd4 8. Qxd4 Ne5 9. Be2 Bg4 10. f3 Bh5 11. Be3 Be7 12. O-O-O Nfd7 13. f4 Bxg5 14.
fxg5 Bxe2 15. Nxe2 Qe7 16. Nf4 Nc6 17. Qa4 O-O-O 18.
Nd5 Qe5 19. Kb1 Rh4 20. Nc3 Nc5 21. Bxc5 Qxc5 22. Qb3 Rf4 23. Rhf1 Qxg5 24. Nd5 Rxf1 25. Rxf1 f6 26. a3 Qg2 27. Re1 Rh8 28. Nf4 Qf2 29.
Nd3 Qxh2 30. Qe6+ Kb8 31. Qf7 Qg3 32. Rc1 Ne5 33. Qe7 Nxd3 34. cxd3 Qxd3+ 35. Ka1 Rc8 36. Qxg7 Qxe4 37. Qxf6 Qe5 38. Qf7 a6 39. Qb3 c6 40. Qb4 d5 41. Qg4 Re8 42. Qg6 Ka7 43.
Qg1+ Qe3 44. Qf1 Rf8 45. Qd1 Rf2 46. Rb1 Qd2 47. Qb3 Qd4 48. Qg3 Qb6 49. Ka2 Rc2 50.
Qd3 Qc5 51. Qb3 Qc4 52. Rd1 Qxb3+ 53. Kxb3 Rc4 54. Rf1 Rh4 55. Rf7 Kb6 56. Kc3 a5 57. Rf6 Ka6 58. Rf7 Kb6 59. b3 Ka6 60. a4 b6 61. Rf6 c5 62. Rf5 Rd4 63. Re5 Kb7 64. Rh5 Kc6 65. Rh6+ Kb7 66. Rh7+ Ka6 67. Rg7 Rb4 68.
Rd7 c4 69. bxc4 Rxc4+ 70. Kb3 Rc5 71. Rf7 Rc4 72. Rd7 Rb4+ 73. Ka3 Rd4 74. Kb3 Rd1 0-1

[Event "Late-Titled-Tuesday-Blitz-January-30-2024"]
[Site "Chess.com"]
[Date "2024.01.30"]
[Round "6"]
[White "ChessSkool"]
[Black "masnyszachistaaa"]
[Result "0-1"]
[WhiteElo "2702"]
[BlackElo "2563"]
[TimeControl "180+1"]
[EndTime "15:08:50 PST"]
[Termination "masnyszachistaaa won by checkmate"]

1. d4 Nf6 2. Nf3 d5 3. c3 e6 4. Bf4 c5 5. e3 Nc6 6. Nbd2 cxd4 7. exd4 Nh5 8. Be3 Bd6 9. Bb5 O-O 10. Ne5 g6 11. Nd3 f6 12. c4 a6 13. Ba4 dxc4 14.
Nxc4 b5 15. Nxd6 Qxd6 16. Bb3 Nxd4 17. Nc5 Qxc5 18. Bxd4 Qd6 19. O-O Nf4 20. Be3 Nd5 21. Rc1 Rd8 22. Bc5 Qd7 23. Re1 Bb7 24. Qg4 e5 25. Qh4 Kg7 26. Rcd1 Qc6 27. Rc1 Qe8 28. Bxd5 Rxd5 29. Be3 Rad8 30. Bh6+ Kf7 31. h3 R8d7 32. f3 Qe6 33. Kh2 Rd3 34. Rc2 Qd6 35. Rec1 Qd5 36.
Qf2 Qxa2 37. Rc7 Qe6 38. Qa7 Qd5 39. Kh1 g5 40. Qb8 Kg6 41. Qf8 Rxf3 42. Rxd7 Qxd7 43. gxf3 Qxh3+ 44. Kg1 Qg3+ 45. Kf1 Qxf3+ 46. Ke1 Qe3+ 47. Kd1 Qd3+ 48. Ke1 Qe3+ 49. Kd1 Bf3+ 50. Kc2 Qe4+ 51. Kb3 Qa4+ 52. Kc3 Qc4+ 53. Kd2 Qe2+ 54. Kc3 Qe3+ 55.
Kb4 Qxc1 56. Bg7 Qc4+ 57. Ka5 Qf7 58. Qxf7+ Kxf7 59. Bh6 g4 60. Kxa6 f5 61. Be3 Be2 62. b4 f4 63. Bc5 g3 64. Kb6 f3 65. Kc6 f2 66. Bd6 f1=Q 67. Bxe5 Bc4 68. Kb6 Qf3 69. Ka5 Qd5 70. Bd6 Qa8+ 71. Kb6 Ke6 72. Bb8 Kd7 73.
Bc7 Qc6+ 74. Ka5 Kc8 75. Bd8 Kb7 76. Bb6 Qxb6# 0-1

[Event "Late-Titled-Tuesday-Blitz-January-30-2024"]
[Site "Chess.com"]
[Date "2024.01.30"]
[Round "6"]
[White "rquery98"]
[Black "BogdanDeac"]
[Result "0-1"]
[WhiteElo "2728"]
[BlackElo "3045"]
[TimeControl "180+1"]
[EndTime "15:08:53 PST"]
[Termination "BogdanDeac won by resignation"]

1. Nf3 d5 2. g3 Nd7 3. Bg2 e5 4. d3 Ngf6 5. O-O c6 6. e4 dxe4 7. dxe4 Bc5 8. Qe2 O-O 9. c3 a5 10. a4 b6 11. Rd1 Ng4 12. Rf1 Ba6 13. c4 Ngf6 14. b3 Re8 15. Bb2 Qc7 16. Na3 Nf8 17. Nc2 Ng6 18. h3 Re7 19. Rad1 Rae8 20. Rd2 Bc8 21.
Rfd1 Rd7 22. Kh2 Rxd2 23. Rxd2 Nd7 24. Nfe1 Bf8 25. Nd3 Nc5 26. Nxc5 Bxc5 27. h4 Nf8 28. Bh3 Bxh3 29. Kxh3 f6 30. Ne3 Rd8 31. Kg2 Ne6 32.
Nf5 g6 33. Ne3 h5 34. Nc2 Rd7 35. Qd1 Rxd2 36. Qxd2 Bf8 37. f3 Nc5 38. Na1 Kf7 39. Bc3 Qc8 40. Qd1 Ke8 41. Be1 Ne6 42. Bf2 Bc5 43.
Nc2 Bxf2 44. Kxf2 Nc5 45. Ne3 Qd7 46. Qc2 Qd3 47. Qxd3 Nxd3+ 48. Ke2 Nc1+ 49. Kd1 Nxb3 50. g4 Nc5 51. gxh5 gxh5 52. Nf5 Kf7 53. Nd6+ Kf8 54. Kc2 Nxa4 55. Nc8 Ke8 56. Nd6+ Kd7 57. Nf5 Nc5 58. Ng7 b5 59. Nxh5 Ke7 60. cxb5 cxb5 61. Ng3 b4 62. Nf5+ Kf7 63. h5 a4 64. h6 Kg6 65.
Kb2 a3+ 66. Ka2 Nd3 67. Kb3 Nc1+ 68. Kc2 a2 69. Kb2 b3 70. Ne3 Nd3+ 71. Ka1 Ne1 72. Kb2 Nc2 73. Nxc2 bxc2 74. h7 c1=Q+ 75. Kxa2 Qc2+ 76.
Ka1 Qc3+ 77. Ka2 Kxh7 78. f4 Qc4+ 0-1

[Event "Late-Titled-Tuesday-Blitz-January-30-2024"]
[Site "Chess.com"]
[Date "2024.01.30"]
[Round "6"]
[White "rasmussvane"]
[Black "pavet"]
[Result "1-0"]
[WhiteElo "2958"]
[BlackElo "2776"]
[TimeControl "180+1"]
[EndTime "15:08:55 PST"]
[Termination "rasmussvane won on time"]

1. Nf3 Nf6 2. g3 d5 3. Bg2 e6 4. O-O Bd6 5. c4 O-O 6. d4 h6 7.
Nc3 Nc6 8. b3 dxc4 9. bxc4 e5 10. e3 exd4 11. exd4 Re8 12. h3 Bf5 13. Be3 Ne4 14.
Nxe4 Bxe4 15. Re1 Qf6 16. Nh2 Bxg2 17. Kxg2 Rad8 18. Qf3 Qg6 19. Rab1 Na5 20. c5 Bf8 21.
Rec1 b6 22. Ng4 Qe6 23. a4 Nc4 24. d5 Nxe3+ 25. Nxe3 Qe5 26. d6 bxc5 27. dxc7 Qxc7 28. Rb7 Qe5 29. Qxf7+ Kh8 30. Rxa7 Qb8 31. Qb7 Qe5 32. Qf3 Be7 33. Rc4 Rf8 34. Qe4 Qxe4+ 35. Rxe4 Bf6 36.
Nf5 Rd2 37. g4 Rb8 38. Rf4 Rbb2 39. Nxh6 Bd4 40. Nf7+ Kh7 41. Ng5+ Kg6 42. h4 Rxf2+ 43. Rxf2 Rxf2+ 44. Kg3 Ra2 45. Ra6+ Bf6 46. Nf3 c4 47. g5 c3 48. gxf6 gxf6 49. Rc6 c2 50. Ne1 Ra3+ 51.
Nf3 Ra2 52. a5 Kf5 53. Rxc2 Rxa5 54. Rc4 Kg6 55. Rg4+ Kh6 56. Rf4 Kg6 57. Kg4 Ra1 58. h5+ Kg7 59. Nh4 Rg1+ 60. Kh3 Ra1 61. Nf5+ Kh7 62.
Rf3 Rh1+ 63. Kg4 Rg1+ 64. Rg3 Ra1 65. Rd3 Ra4+ 66. Rd4 Ra7 67. Re4 Ra1 68. Re7+ Kh8 69. Nh4 Rg1+ 70. Kf4 Rg5 71. h6 Rg1 72. Kf5 Kg8 73.
Kxf6 Rf1+ 74. Nf5 Rg1 75. Rg7+ 1-0

[Event "Late-Titled-Tuesday-Blitz-January-30-2024"]
[Site "Chess.com"]
[Date "2024.01.30"]
[Round "6"]
[White "crescentmoon2411"]
[Black "Mikhail_Bryakin"]
[Result "1-0"]
[WhiteElo "3011"]
[BlackElo "2828"]
[TimeControl "180+1"]
[EndTime "15:09:15 PST"]
[Termination "crescentmoon2411 won by checkmate"]

1. d4 Nf6 2. c4 c5 3. d5 d6 4. Nc3 g6 5. e4 Bg7 6. Bd3 O-O 7. h3 Na6 8. Nf3 e6 9. O-O Nc7 10. Be3 e5 11. g4 h6 12. Nh2 Nh7 13. Qd2 g5 14.
Rfb1 b6 15. Nf1 Re8 16. Ng3 Nf8 17. Nf5 Ng6 18. a3 Nf4 19. Bf1 Bf8 20. b4 Na6 21.
f3 Bd7 22. b5 Nc7 23. a4 Qf6 24. a5 Reb8 25. Ra2 Qd8 26. Rba1 f6 27. h4 a6 28.
axb6 Rxb6 29. h5 Kh7 30. Qb2 Qc8 31. Ra5 Rbb8 32. R1a3 axb5 33. cxb5 Rxa5 34. Rxa5 Na8 35. Qa2 Nb6 36. Ra7 Rb7 37. Qa6 Rxa7 38. Qxa7 Qd8 39. Kf2 Kg8 40. Ke1 Bxf5 41. exf5 Kh8 42. Bxf4 gxf4 43.
Kd1 c4 44. Kc2 Bg7 45. Qb7 Bf8 46. Ne4 Bg7 47. Qc6 Qb8 48. Bxc4 Qa7 49. Bb3 Qa5 50. Nxd6 Na4 51. Bxa4 Qxa4+ 52. Kc3 Qa3+ 53. Kc4 Qc1+ 54. Kb4 Qe1+ 55. Kc5 Qe3+ 56. Kb4 Qe1+ 57. Qc3 Qb1+ 58.
Kc5 Qa2 59. Kc6 Qa8+ 60. Kb6 Qb8+ 61. Nb7 e4 62. fxe4 Bf8 63. Qxf6+ Kg8 64. Qg6+ Kh8 65. Qf6+ Kg8 66. Qe6+ Kh8 67. d6 f3 68. Qe5+ Bg7 69.
f6 Bf8 70. f7+ Bg7 71. Qe8+ Kh7 72. Qxb8 Bf8 73. Qxf8 f2 74. Qg8# 1-0

[Event "Late-Titled-Tuesday-Blitz-January-30-2024"]
[Site "Chess.com"]
[Date "2024.01.30"]
[Round "6"]
[White "OparinGrigoriy"]
[Black "Adar_07"]
[Result "1/2-1/2"]
[WhiteElo "2970"]
[BlackElo "2679"]
[TimeControl "180+1"]
[EndTime "15:09:17 PST"]
[Termination "Game drawn by repetition"]

1. Nf3 Nf6 2. c4 c5 3. Nc3 Nc6 4. d4 cxd4 5. Nxd4 g6 6. g3 Bg7 7. Bg2 O-O 8. O-O Nxd4 9. Qxd4 d6 10. Qd3 Nd7 11. Qd2 Nb6 12. b3 a5 13. Bb2 a4 14. Nb5 axb3 15. axb3 Rxa1 16. Rxa1 Nd7 17.
Bxg7 Kxg7 18. Qd4+ f6 19. Ra7 Nc5 20. b4 Ne6 21.
Qe3 Qd7 22. Qb6 Qd8 23. Qe3 Qd7 24. Bd5 Nc7 25. Nxc7 Qxc7 26. b5 e6 27. b6 Qd7 28. Bf3 d5 29. cxd5 exd5 30. Qc5 Rd8 31. Ra8 d4 32. h4 d3 33. exd3 Qxd3 34. Bg2 Qd1+ 35. Kh2 Qd7 36. Qc7 Qxc7 37. bxc7 Re8 38. Rb8 Kf7 39. Bxb7 Bxb7 40. Rxb7 Rc8 41. Kg2 Ke7 42. Kf3 Kd7 43. Rb6 Rf8 44. Ra6 Kxc7 45. Ra7+ Kd6 46. Rxh7 Rg8 47. Kf4 Ke6 48. Ra7 Rc8 49. Kg4 Rc4+ 50. f4 Rc3 51. h5 gxh5+ 52. Kh4 Kf5 53. Ra8 Rc1 54. Ra5+ Kg6 55. Kh3 Rc3 56.
Ra8 Rc1 57. Rg8+ Kh7 58. Rf8 Kg7 59. Rd8 Rh1+ 60. Kg2 Rc1 61. Rd5 Kg6 62. Rd4 Rc3 63. Kh3 Rc1 64. Rd8 Re1 65. Rc8 Rd1 66. Ra8 Rc1 67.
Ra5 Rh1+ 68. Kg2 Rc1 69. Ra3 Rc2+ 70. Kf3 Rc1 71. Ke4 Re1+ 72. Re3 Rd1 73. Kf3 Kf5 74. Rc3 Rd5 75. Rb3 Rc5 76. Ra3 Rb5 77. Ra8 Rb3+ 78. Kg2 Rb2+ 79. Kh3 Rb1 80. Rg8 h4 81. gxh4 Rh1+ 82.
Kg2 Rxh4 83. Kg3 Rxf4 84. Ra8 Rg4+ 85. Kf3 Rc4 86. Ra5+ Kg6 87. Ra6 Kg5 88. Ra8 Rc3+ 89. Kf2 f5 90. Ra4 f4 91. Ra8 Kg4 92. Rg8+ Kf5 93. Rf8+ Kg4 94. Rg8+ Kf5 95. Rf8+ Ke4 96. Re8+ Kd5 97. Rf8 Ke5 98. Re8+ Kf5 99. Rf8+ 1/2-1/2

[Event "Late-Titled-Tuesday-Blitz-January-30-2024"]
[Site "Chess.com"]
[Date "2024.01.30"]
[Round "6"]
[White "Felix-Rose"]
[Black "Tomytoteph"]
[Result "1/2-1/2"]
[WhiteElo "2387"]
[BlackElo "2616"]
[TimeControl "180+1"]
[EndTime "15:09:17 PST"]
[Termination "Game drawn - insufficient material"]

1. e4 c5 2. Nf3 g6 3. d4 cxd4 4. Nxd4 Bg7 5. c4 Nc6 6. Be3 Nf6 7. Nc3 O-O 8. Be2 d6 9. f3 Nxd4 10. Bxd4 Be6 11. Rc1 Qa5 12. Qd2 Rfc8 13. b3 a6 14.
Na4 Qxd2+ 15. Kxd2 Nxe4+ 16. Ke3 Nc5 17. Nb6 Bh6+ 18.
f4 Nd7 19. Nxa8 Rxa8 20. g3 Ne5 21. Kf2 Nc6 22. Bc3 Bg7 23. Bxg7 Kxg7 24. Bf3 Rc8 25. Bxc6 Rxc6 26. Rhd1 Kf6 27. Kf3 h5 28. Ke3 Rc5 29.
Rh1 a5 30. h3 a4 31. b4 Rxc4 32. Rxc4 Bxc4 33. a3 b5 34. g4 hxg4 35. hxg4 e5 36. Rh7 d5 37. g5+ Ke6 38. fxe5 Kxe5 39. Rh4 f6 40. gxf6 Kxf6 41. Rf4+ Ke5 42. Rf8 d4+ 43.
Kd2 g5 44. Re8+ Kf4 45. Rd8 d3 46. Rd4+ Kf3 47. Ke1 g4 48. Rd8 g3 49. Rf8+ Ke3 50.
Re8+ Kd4 51. Kd2 Bd5 52. Re3 g2 53. Rxd3+ Ke4 54. Rg3 Kf4 55. Rg7 Bf3 56. Ke1 Ke3 57. Re7+ Be4 58. Rg7 Kd3 59. Kf2 Kc3 60. Rg3+ Kb2 61.
Re3 Bd5 62. Kg1 Bb3 63. Kxg2 Kxa3 64. Kf2 Kxb4 65. Ke1 Ka3 66. Kd2 Kb2 67. Re2 a3 68. Kd3+ Kc1 69. Kc3 Kd1 70. Rd2+ Kc1 71. Rh2 Bd5 72.
Rf2 Bc4 73. Rg2 Kd1 74. Rg1+ Ke2 75. Ra1 a2 76. Kb2 Kd3 77. Rd1+ Ke4 78. Rd8 Ke5 79. Rd2 Bd5 80. Re2+ Kd6 81. Rc2 Bc4 82. Rc1 Kd5 83. Rd1+ Kc5 84. Rd8 Kb4 85. Rb8 Ka4 86. Ra8+ Kb4 87.
Rb8 Bd5 88. Rxb5+ Kxb5 89. Ka1 Kc5 90. Kb2 Kd4 91. Ka1 Be4 92. Kb2 Bb1 93. Ka1 Kc4 94. Kb2 Kb4 95. Ka1 Be4 96. Kxa2 1/2-1/2

[Event "Late-Titled-Tuesday-Blitz-January-30-2024"]
[Site "Chess.com"]
[Date "2024.01.30"]
[Round "6"]
[White "Mahan_83"]
[Black "toninhojit"]
[Result "0-1"]
[WhiteElo "2746"]
[BlackElo "2520"]
[TimeControl "180+1"]
[EndTime "15:09:42 PST"]
[Termination "toninhojit won on time"]

1. e4 e5 2. Nf3 Nc6 3. Nc3 Nf6 4. d4 exd4 5. Nd5 Be7 6. Nxd4 O-O 7. Be2 Nxd5 8. exd5 Nxd4 9. Qxd4 Bf6 10. Qd3 d6 11. O-O Re8 12. Bf3 g6 13. Qb3 b6 14. Be3 Bf5 15.
Rfe1 Qd7 16. c3 a5 17. a4 Be4 18. Bxe4 Rxe4 19. f3 Re7 20. Bf2 Rae8 21. Rxe7 Rxe7 22. Re1 Rxe1+ 23. Bxe1 Qe8 24. Kf1 Qe5 25. Bg3 Qe3 26. Qc2 Be5 27. Bf2 Qf4 28. h3 Qc4+ 29. Kg1 Qxd5 30. Qe2 Kg7 31. g3 Bf6 32. f4 Qb3 33.
Qb5 Qxb5 34. axb5 Kf8 35. Kg2 Ke8 36. Kf3 Kd8 37. Ke4 Kd7 38. Kd5 h5 39. Be1 Bg7 40.
b3 Bh6 41. c4 h4 42. Bf2 hxg3 43. Bxg3 Bg7 44. f5 Bf6 45. fxg6 fxg6 46. Bf4 Be7 47. Be3 Bf6 48. Bf2 Be7 49. Bd4 Bg5 50. Bf2 Bf6 51. Bg3 Be7 52. Be1 Bf6 53. h4 Be7 54. Bg3 Bf6 55. Bf2 Be7 56. Be1 Bd8 57. Bg3 Bf6 58. Bf2 Be7 59. Ke4 Ke6 60. Bg3 Bf6 61. Be1 Be7 62.
Bf2 Bf6 63. Bg3 Bd8 64. Be1 Be7 65. Bf2 Bf6 66. Be1 Kd7 67. Bg3 c6 68. Bf2 cxb5 69. cxb5 Kc7 70. Kd5 Be5 71. Ke6 Bf4 72. Kf7 d5 73.
Kxg6 Be5 74. h5 d4 75. h6 d3 76. Be3 Bd4 77. Bd2 Kd6 78. h7 Kc5 79. Bg5 Kxb5 80. Kf5 Kb4 81. Ke4 Bh8 82. Kxd3 Kxb3 83. Bd8 a4 84.
Bxb6 a3 85. Bd4 Bxd4 86. h8=Q Bxh8 0-1

[Event "Late-Titled-Tuesday-Blitz-January-30-2024"]
[Site "Chess.com"]
[Date "2024.01.30"]
[Round "6"]
[White "WPWPWP-2015"]
[Black "maurovargas01"]
[Result "0-1"]
[WhiteElo "2465"]
[BlackElo "1886"]
[TimeControl "180+1"]
[EndTime "15:10:04 PST"]
[Termination "maurovargas01 won by checkmate"]

1. d4 d5 2. c4 e6 3. Nf3 c6 4.
Nc3 dxc4 5. e4 b5 6. a4 Bb4 7. Bd2 Bxc3 8. Bxc3 Bb7 9. Be2 Nf6 10. Qc2 O-O 11.
O-O Nbd7 12. Rfd1 Qc7 13. a5 a6 14. Bb4 c5 15. dxc5 Bxe4 16. Qd2 Nxc5 17. Qd6 Qxd6 18.
Rxd6 Nb3 19. Rad1 Nd5 20. Ne5 Rfd8 21. Rxd8+ Rxd8 22. Nc6 Ra8 23. Ne7+ Nxe7 24. Bxe7 Bd5 25. Bb4 Rc8 26. f3 Nc5 27. Kf2 Nd7 28. Ke3 Nf6 29. Kd4 h6 30. g4 Nd7 31. f4 Nf6 32. h4 Ne4 33. g5 hxg5 34. hxg5 Nf2 35. Rf1 Ne4 36. Bf3 Ng3 37. Rf2 Bxf3 38. Rxf3 Nf5+ 39. Ke5 Rd8 40. b3 Rd5+ 41. Ke4 Rd4+ 42. Ke5 Rd1 43.
bxc4 bxc4 44. g6 Rd5+ 45. Ke4 f6 46. Bc3 Rd1 47. Rh3 Rg1 48. Bd2 Rxg6 49. Ra3 Rg3 50.
Rc3 Rxc3 51. Bxc3 Kf7 52. Bb4 Ke8 53. Ba3 Kd7 54. Bf8 g6 55. Bb4 Kc6 56. Bc3 Kb5 57. Be1 Ka4 58. Bc3 Kb3 59. Bxf6 c3 60. Ke5 c2 61.
Kxe6 c1=Q 62. Be5 Qc8+ 63. Kf6 Qe8 64. Kg5 Ne3 65. Kf6 Nd5+ 66. Kg5 Kb4 67. Kh6 Kxa5 68. Kg5 Kb4 69. Kh6 a5 70. Kg5 a4 71. Kh6 a3 72.
Kg5 Kb3 73. Kh6 Nc3 74. Kg5 a2 75. Kh6 a1=Q 76. Kg7 Qa7+ 77. Kh6 Qh8+ 78. Bxh8 Qa5 79. Be5 Qa6 80. Kg5 Ne4+ 81. Kh6 Qa2 82. Kxg6 Qg2+ 83.
Kf5 Nd2 84. Kf6 Kc4 85. Kf5 Qe4+ 86. Kf6 Kd5 87. Kg5 Nf3+ 88. Kf6 Nxe5 89. f5 Ng4+ 90. Kg6 Ke5 91. Kh5 Qxf5+ 92. Kh4 Nf6 93. Kg3 Qg4+ 94.
Kf2 Kf4 95. Ke1 Qg2 96. Kd1 Ke3 97. Kc1 Kd3 98. Kb1 Kc3 99. Ka1 Kb3 100. Kb1 Qb2# 0-1

[Event "Late-Titled-Tuesday-Blitz-January-30-2024"]
[Site "Chess.com"]
[Date "2024.01.30"]
[Round "7"]
[White "Eloist"]
[Black "icychess54"]
[Result "1-0"]
[WhiteElo "2428"]
[BlackElo "2242"]
[TimeControl "180+1"]
[EndTime "15:12:20 PST"]
[Termination "Eloist won by resignation"]

1. e4 c5 2. Nf3 d6 3. Bb5+ Bd7 4. Bxd7+ Nxd7 5. O-O e6 6. c3 Ngf6 7. Qe2 Be7 8. d4 cxd4 9. cxd4 O-O 10. Nc3 a6 11. e5 Nd5 12. Nxd5 exd5 13. e6 Nf6 14. Ng5 Qc8 15.
exf7+ Kh8 16. Qxe7 1-0

[Event "Late-Titled-Tuesday-Blitz-January-30-2024"]
[Site "Chess.com"]
[Date "2024.01.30"]
[Round "7"]
[White "DraningWaterHi"]
[Black "Iana_Shirova"]
[Result "1-0"]
[WhiteElo "2124"]
[BlackElo "2311"]
[TimeControl "180+1"]
[EndTime "15:12:52 PST"]
[Termination "DraningWaterHi won by checkmate"]

1. e4 e5 2. Nf3 d5 3. Nxe5 dxe4 4. d4 Nd7 5. Nxd7 Qxd7 6. Nc3 Nf6 7. Bg5 Bb4 8. Qd2 Nd5 9. a3 Bxc3 10. bxc3 f6 11. Be3 Nxe3 12. Qxe3 Qe7 13. Bc4 Be6 14. d5 Bd7 15. O-O O-O 16. d6+ Qf7 17. Bxf7+ Rxf7 18. dxc7 Bc6 19. Rfd1 Rxc7 20. Rd6 Rac8 21. Rad1 h6 22. Rd8+ Kh7 23. Rxc8 Rxc8 24. c4 a6 25. h4 Be8 26.
Qxe4+ Bg6 27. Qxb7 Rxc4 28. Rd7 Rxc2 29. Rxg7+ Kh8 30.
Rxg6 Rc1+ 31. Kh2 Rh1+ 32. Kxh1 f5 33. Qg7# 1-0

[Event "Late-Titled-Tuesday-Blitz-January-30-2024"]
[Site "Chess.com"]
[Date "2024.01.30"]
[Round "7"]
[White "AsaHoffmann"]
[Black "Pingah9"]
[Result "0-1"]
[WhiteElo "2346"]
[BlackElo "2529"]
[TimeControl "180+1"]
[EndTime "15:13:48 PST"]
[Termination "Pingah9 won by resignation"]

1. d4 g6 2. e4 Bg7 3. Be3 c6 4. Qd2 d6 5. Nc3 Nf6 6. f3 b5 7.
a4 b4 8. Nd1 a5 9. c4 h5 10. h4 Nbd7 11. b3 c5 12. Ne2 Bb7 13.
Nf2 O-O 14. Bh6 cxd4 15. Bxg7 Kxg7 16. Nxd4 Nc5 17. Rb1 Qd7 18. g4 hxg4 19. h5 Rh8 20.
h6+ Kh7 21. Bd3 g3 22. Nh3 g2 23. Rg1 Qxh3 0-1

[Event "Late-Titled-Tuesday-Blitz-January-30-2024"]
[Site "Chess.com"]
[Date "2024.01.30"]
[Round "7"]
[White "carloseduar100"]
[Black "aistrel"]
[Result "0-1"]
[WhiteElo "2323"]
[BlackElo "2538"]
[TimeControl "180+1"]
[EndTime "15:13:57 PST"]
[Termination "aistrel won by checkmate"]

1. e4 c6 2. Nf3 d5 3. Nc3 dxe4 4. Nxe4 Nf6 5. Nxf6+ exf6 6. d4 Bd6 7. Bd3 Bg4 8. O-O O-O 9. c3 Re8 10. h3 Bh5 11. Be3 Bc7 12. a4 Qd6 13. g3 Rxe3 14. Be2 Bxf3 15. Bxf3 Re8 16. a5 a6 17. b4 Nd7 18. Kg2 Nf8 19. Qd3 Ne6 20. h4 Re7 21. Rad1 Rae8 22. Qc4 Bb8 23. d5 cxd5 24. Bxd5 Qc7 25. Qb3 f5 26. c4 f4 27. g4 f3+ 28. Kxf3 Qf4+ 29. Kg2 Qh2+ 30. Kf3 Nd4+ 31. Rxd4 Qh3# 0-1

[Event "Late-Titled-Tuesday-Blitz-January-30-2024"]
[Site "Chess.com"]
[Date "2024.01.30"]
[Round "7"]
[White "jaskol95"]
[Black "nikitadovbnya2008"]
[Result "0-1"]
[WhiteElo "2516"]
[BlackElo "2210"]
[TimeControl "180+1"]
[EndTime "15:14:06 PST"]
[Termination "nikitadovbnya2008 won by checkmate"]

1. e4 e5 2. Nf3 Nc6 3. Bc4 Bc5 4. c3 Nf6 5. d4 exd4 6. cxd4 Bb4+ 7. Kf1 d5 8. exd5 Nxd5 9. Nc3 Nxc3 10. bxc3 Bxc3 11. Rb1 O-O 12. Be3 Bg4 13. h3 Bxf3 14.
Qxf3 Bxd4 15. Bxd4 Qxd4 16. Bb3 Rad8 17. Rd1 Qc5 18.
Rxd8 Rxd8 19. Kg1 Nd4 20. Qxf7+ Kh8 21. Kh2 Qd6+ 22. g3 Rf8 23. Qc4 Rxf2+ 24. Kg1 Qxg3# 0-1

[Event "Late-Titled-Tuesday-Blitz-January-30-2024"]
[Site "Chess.com"]
[Date "2024.01.30"]
[Round "7"]
[White "ImportedItalianMaple"]
[Black "traviscottofficial"]
[Result "0-1"]
[WhiteElo "2480"]
[BlackElo "2607"]
[TimeControl "180+1"]
[EndTime "15:14:13 PST"]
[Termination "traviscottofficial won by resignation"]

1. e4 c5 2. Nf3 e6 3. d4 cxd4 4. Qxd4 Nc6 5. Qe3 Nf6 6. Nc3 d5 7. exd5 Nxd5 8. Nxd5 Qxd5 9. Bd2 Bc5 10. Qd3 Qxd3 11. Bxd3 Nb4 12. Bxb4 Bxb4+ 13. c3 Bc5 14. Rd1 Ke7 15. Ke2 Bd7 16. Ne5 Be8 17. Be4 Rb8 18. b4 Bd6 19. Nd3 Ba4 20. Rd2 Rhc8 21. Rc1 Bb5 22. a3 Bf4 23. Rdc2 Bxc1 24. Rxc1 f5 25. Bf3 Rd8 26. c4 Be8 27. c5 Bb5 28. Rc3 Rxd3 29.
Rxd3 Rd8 0-1

[Event "Late-Titled-Tuesday-Blitz-January-30-2024"]
[Site "Chess.com"]
[Date "2024.01.30"]
[Round "7"]
[White "ContrVersia"]
[Black "Alex_Banzea"]
[Result "1-0"]
[WhiteElo "2845"]
[BlackElo "2626"]
[TimeControl "180+1"]
[EndTime "15:14:18 PST"]
[Termination "ContrVersia won by resignation"]

1. Nf3 Nf6 2. c4 g6 3. g3 Bg7 4.
Bg2 d6 5. O-O O-O 6. d4 Nc6 7. Nc3 e5 8. dxe5 dxe5 9. Bg5 h6 10.
Qxd8 Rxd8 11. Bxf6 Bxf6 12. Nd5 Kg7 13. Nxc7 Rb8 14. Rad1 Rxd1 15. Rxd1 e4 16. Nd2 e3 17. fxe3 Bxb2 18. Ne4 Ba3 19. Nd6 Bxd6 20. Rxd6 Bg4 21.
Kf2 Ne5 22. c5 Bd7 23. Nd5 Bc6 24. Nb4 Ng4+ 25. Kg1 Bxg2 26. Kxg2 Nxe3+ 27. Kf3 Nf5 28. Rd7 Rc8 29. Nd3 b6 30. e4 1-0

[Event "Late-Titled-Tuesday-Blitz-January-30-2024"]
[Site "Chess.com"]
[Date "2024.01.30"]
[Round "7"]
[White "Msb2"]
[Black "Seochesspie"]
[Result "1-0"]
[WhiteElo "3006"]
[BlackElo "2860"]
[TimeControl "180+1"]
[EndTime "15:14:23 PST"]
[Termination "Msb2 won by resignation"]

1. d4 Nf6 2. c4 e6 3. Nc3 Bb4 4.
e3 b6 5. Bd3 Bb7 6. Nf3 c5 7.
Bd2 O-O 8. a3 Bxc3 9. Bxc3 Ne4 10. Bxe4 Bxe4 11. dxc5 bxc5 12. Qd6 Bxf3 13. gxf3 Qb6 14.
Qg3 f6 15. Rg1 g6 16. h4 Nc6 17. h5 Ne7 18. hxg6 Nxg6 19. O-O-O Rf7 20. Qh4 Raf8 21. Rxg6+ hxg6 22. Rh1 Rg7 23. Bxf6 Rxf6 24. Qxf6 Qc6 25. Qd8+ Kf7 26. Rd1 1-0

[Event "Late-Titled-Tuesday-Blitz-January-30-2024"]
[Site "Chess.com"]
[Date "2024.01.30"]
[Round "7"]
[White "Eduard_Limonov"]
[Black "SHIVACalypso"]
[Result "1-0"]
[WhiteElo "2877"]
[BlackElo "2493"]
[TimeControl "180+1"]
[EndTime "15:14:38 PST"]
[Termination "Eduard_Limonov won by resignation"]

1. d4 Nf6 2. c4 e6 3. Nc3 Bb4 4. e3 O-O 5. Nf3 d5 6. cxd5 exd5 7. Bd2 c6 8. Bd3 h6 9. h3 Be6 10. O-O Nbd7 11. Ne2 Bd6 12. a3 Rc8 13. Bb4 Qe7 14.
Bxd6 Qxd6 15. Nf4 c5 16. dxc5 Nxc5 17. Nd4 Nxd3 18. Qxd3 Rfd8 19. Rac1 Ne4 20. Rfd1 g5 21. Rxc8 Bxc8 22. Nfe2 Qf6 23. f3 Nc5 24. Qc3 b6 25. b4 Ne6 26. Nc6 Qxc3 27. Nxc3 Re8 28. Nxa7 Bb7 29. Nxd5 Ra8 30. Nb5 Bxd5 31. Rxd5 Rxa3 32.
Nxa3 1-0

[Event "Late-Titled-Tuesday-Blitz-January-30-2024"]
[Site "Chess.com"]
[Date "2024.01.30"]
[Round "7"]
[White "EsmeraldasAnderson03"]
[Black "rdarruda"]
[Result "0-1"]
[WhiteElo "2417"]
[BlackElo "2542"]
[TimeControl "180+1"]
[EndTime "15:14:40 PST"]
[Termination "rdarruda won by resignation"]

1. d4 Nf6 2. c4 e5 3. dxe5 Ne4 4.
Nf3 Nc6 5. e3 d6 6. Bd3 Nc5 7.
exd6 Qxd6 8. Be2 Qxd1+ 9. Kxd1 Bf5 10. Nbd2 O-O-O 11. b3 Ne4 12. Ke1 Bb4 13. a3 Bc3 14.
Ra2 Rhe8 15. Kf1 Nxd2+ 16. Nxd2 Ne5 17. g3 Bh3+ 18. Kg1 Nd3 19. Bxd3 Rxd3 20. f3 Rdxe3 21.
Rc2 Re1+ 0-1

[Event "Late-Titled-Tuesday-Blitz-January-30-2024"]
[Site "Chess.com"]
[Date "2024.01.30"]
[Round "7"]
[White "maurovargas01"]
[Black "jlf287"]
[Result "0-1"]
[WhiteElo "1886"]
[BlackElo "2526"]
[TimeControl "180+1"]
[EndTime "15:14:43 PST"]
[Termination "jlf287 won by checkmate"]

1. e4 e5 2. Nf3 Nc6 3. d4 exd4 4.
Bc4 Nf6 5. e5 d5 6. Bb5 Ne4 7.
Nxd4 Bd7 8. Bxc6 bxc6 9. O-O Bc5 10. c3 O-O 11. f3 Ng5 12. Be3 Bb6 13. Qc1 Ne6 14.
f4 c5 15. Nb3 f5 16. exf6 Qxf6 17. f5 d4 18. Bg5 Nxg5 19. cxd4 cxd4 20. Qc4+ Kh8 21. Kh1 Qc6 22. Qd3 Qb5 23. Qd1 Rxf5 24. Rxf5 Qxf5 25. N1d2 Re8 26. Nc4 Bc6 27. Nxd4 Bxg2+ 28. Kxg2 Qh3+ 29. Kh1 Bxd4 30. Qxd4 Qf3+ 31. Kg1 Nh3# 0-1